 Dungeon Crawl Stone Soup version 0.27-a0-1206-g6342a01c75 (webtiles) character file.

Game seed: 3886079995552389767

980 Bnni the Poker (level 7, -2/56 HPs)
             Began as a Demonspawn Gladiator on June 5, 2021.
             Was a Follower of Uskayaw.
             Slain by a troll (11 damage)
             ... on level 5 of the Dungeon.
             The game lasted 00:32:19 (6477 turns).

Bnni the Poker (Demonspawn Gladiator)               Turns: 6477, Time: 00:32:20

Health: -2/56      AC: 18    Str: 15    XL:     7   Next: 96%
Magic:  16/16      EV:  7    Int: 10    God:    Uskayaw [*.....]
Gold:   368        SH:  0    Dex: 15    Spells: 5/6 levels left

rFire    . . .     SeeInvis .   u - +4 battleaxe
rCold    . . .     Faith    .   (shield currently unavailable)
rNeg     . . .     Spirit   .   f - +0 chain mail
rPois    .         Reflect  .   (helmet restricted)
rElec    .         Harm     .   l - +0 cloak
rCorr    .         Rampage  .   n - +2 pair of gloves
Will     .....                  (no boots)
Stlth    ..........             (no amulet)
HPRegen  0.18/turn              m - ring of magical power
MPRegen  0.15/turn              (no ring)

@: sanguine armoured
A: horns 1, foul stench 1, sanguine armour 1
a: Renounce Religion, Stomp


You were on level 5 of the Dungeon.
You worshipped Uskayaw.
Uskayaw was noncommittal.
You visited 2 branches of the dungeon, and saw 6 of its levels.

You collected 368 gold pieces.

Inventory:

Hand Weapons
 a - a +0 trident
 d - a +2 quarterstaff of chaos
 q - the +3 hunting sling of Capital Punishment {freeze, Will+ Int+3}
   (You found it on level 4 of the Dungeon)

   It causes projectiles fired from it to freeze those they strike, causing
   extra injury to most foes and up to half again as much damage against
   particularly susceptible opponents.
   They can also slow down cold-blooded creatures.
   It affects your intelligence (+3).
   It increases your willpower.
 u - a +4 battleaxe (weapon)
Armour
 f - a +0 chain mail (worn)
 l - a +0 cloak (worn)
 n - a +2 pair of gloves (worn)
Jewellery
 m - a ring of magical power (left hand)
Scrolls
 b - a scroll of teleportation {unknown}
 c - 2 scrolls of brand weapon {unknown}
 i - 5 scrolls of identify {unknown}
 p - 2 scrolls of immolation {unknown}
 r - a scroll of amnesia {unknown}
 s - a scroll of magic mapping {unknown}
Potions
 e - 2 potions of brilliance
 g - a potion of flight {unknown}
 h - a potion of berserk rage {unknown}
 j - 2 potions of attraction {unknown}
 k - a potion of degeneration {unknown}
 t - a potion of cancellation {unknown}


   Skills:
 + Level 5.5 Fighting
 * Level 7.4 Polearms
 - Level 1.7 Throwing
 - Level 2.6 Dodging


You had 5 spell levels left.
You knew the following spells:

 Your Spells              Type           Power      Damage    Failure   Level
a - Animate Skeleton      Necr           0%         N/A       100%        1

Your spell library contained the following spells:

 Spells                   Type           Power      Damage    Failure   Level
 Apportation              Tloc           0%         N/A       100%        1
 Corona                   Hex            0%         N/A       100%        1
 Pain                     Necr           0%         1d4       100%        1
 Summon Small Mammal      Summ           0%         N/A       100%        1
 Call Imp                 Summ           0%         N/A       100%        2
 Call Canine Familiar     Summ           0%         N/A       100%        3
 Summon Guardian Golem    Hex/Summ       0%         N/A       100%        3
 Vampiric Draining        Necr           0%         2d6       100%        3
 Animate Dead             Necr           0%         N/A       100%        4
 Summon Ice Beast         Ice/Summ       0%         N/A       100%        4
 Summon Lightning Spire   Summ/Air       0%         N/A       100%        4
 Agony                    Necr           0%         N/A       100%        5


Dungeon Overview and Level Annotations

Branches:
Dungeon (5/15)             Temple (1/1) D:4

Altars:
Elyvilon
Gozag
Kikubaaqudgha
Qazlal
Ru
Sif Muna
Uskayaw
Vehumet
Wu Jian
Xom
Yredelemnul
The Shining One

Shops:
D:2 [=(=:


Innate Abilities, Weirdness & Mutations

You have a pair of small horns on your head.
You may rarely emit foul miasma when damaged in melee.
When seriously injured, your bleeding wounds create armour. (AC +6)


Message History

It was a potion of brilliance.
You feel clever all of a sudden.
The troll shouts!
You can no longer pass through a line of other dancers.
Items here: ( )) [[.
Casting: Animate Skeleton (safe; 100% risk of failure)
Confirm with . or Enter, or press ? or * to list all spells.
You feel a surge of power!
You miscast Animate Skeleton.
You are very lightly contaminated with residual magic.
Nothing appears to happen.
The troll bites you. The troll claws you. x2
Casting: Animate Skeleton (safe; 100% risk of failure)
Confirm with . or Enter, or press ? or * to list all spells.
You feel a surge of power!
You miscast Animate Skeleton.
Nothing appears to happen.
The troll bites you.
Your blood congeals into armour.
The troll claws you! The troll completely misses you.
There is an open door here.
Your magical contamination has completely faded away.
Things that are here:
a +0 robe; a +0 morningstar Throw: 2 darts (atropa)
Press: ? - help, Q - select action, (/) - cycle Shift-Dir - straight line, f - troll
Aim: a troll (59% to hit, chance to blind on hit: 3%)
You throw an atropa-tipped dart. The atropa-tipped dart hits the troll.
The troll resists.
The troll bites you but does no damage.
The troll claws you but does no damage. x2
Throw: dart (atropa)
Press: ? - help, Q - select action, (/) - cycle Shift-Dir - straight line, f/p - troll
Aim: a troll (59% to hit, chance to blind on hit: 3%)
You throw an atropa-tipped dart. The atropa-tipped dart hits the troll.
The troll resists.
You feel a little less clever now. The troll bites you.
The troll claws you but does no damage. The troll claws you.
You emit a cloud of foul miasma!
You are too injured to fight recklessly!
You barely miss the troll.
The troll is engulfed in dark miasma.
The troll is poisoned.
The troll barely misses you. The troll claws you!
* * * LOW HITPOINT WARNING * * *
The troll claws you!
You die...

.....'....#...##...###...##.##.#.
.#...#....#...#...........'....#.
.#...#....#...#...........#....#.
.#...#....#...#...........#....#.
.#...#...##...##..........#....#.
.#...######...##....##.#########.
.#........#...##....##.####...###
)####.....#....#T................
.#..#.....#....#@................
.#..#.....#....#.................
##..#.....#...##.....####'##..###
#...#.....#...##.[...####.##..###
....#.....#...#..<.........#....#
....#.....'...#............#....#
....'.....#...#............'....#
#####.....#...#............#....#
..........#...##....###...##...##


You could see a troll (poisoned).

Vanquished Creatures
  A sky beast (D:5)
  A black bear (D:4)
  A phantom (D:5)
  2 wyvern zombies (D:5)
  5 wights
  A bullfrog zombie (D:5)
  2 centaur zombies (D:4)
  A jelly (D:5)
  Crazy Yiuf (D:2)
  An orc priest (D:3)
  An orc wizard (D:4)
  A hound skeleton (D:5)
  A howler monkey zombie (D:4)
  6 adders
  A gnoll (D:1)
  An ufetubus (D:5)
  2 worms
  2 dart slugs
  9 orcs
  8 endoplasms
  5 giant cockroaches
  6 goblins
  10 hobgoblins
  9 jackals
  3 quokkas
  7 ball pythons
  A bat (D:3)
  2 frilled lizards
  4 kobolds
  6 rats
101 creatures vanquished.

Notes
Turn   | Place    | Note
-------+----------+-------------------------------------------
     0 | D:1      | Bnni the Demonspawn Gladiator began the quest for the Orb.
     0 | D:1      | Reached XP level 1. HP: 16/16 MP: 1/1
   128 | D:1      | Reached skill level 3 in Polearms
   204 | D:1      | Gained mutation: You have a pair of small horns on your
                  | head. [demonic ancestry]
   204 | D:1      | Reached XP level 2. HP: 19/22 MP: 2/2
   261 | D:1      | Found a faded altar of an unknown god.
   285 | D:1      | Became a worshipper of Uskayaw the Reveller
   285 | D:1      | Reached * piety under Uskayaw
   426 | D:1      | Learned a level 1 spell: Animate Skeleton
   528 | D:1      | Reached ** piety under Uskayaw
   571 | D:1      | Reached *** piety under Uskayaw
   670 | D:1      | Reached XP level 3. HP: 28/28 MP: 3/3
  1052 | D:2      | Found Paubos's Jewellery Boutique.
  1288 | D:2      | Found Hulauts's Book Emporium.
  1537 | D:2      | Reached skill level 4 in Polearms
  1628 | D:2      | Found Ojufus's Jewellery Boutique.
  1639 | D:2      | Found Pijir's Antique Armour Shop.
  1664 | D:2      | Found Padumian's Weapon Shop.
  1723 | D:2      | Reached XP level 4. HP: 31/34 MP: 4/4
  1754 | D:2      | Found a runed translucent door.
  1755 | D:2      | Noticed Crazy Yiuf
  1764 | D:2      | Killed Crazy Yiuf
  1873 | D:3      | Reached **** piety under Uskayaw
  1890 | D:3      | Gained mutation: When seriously injured, your bleeding
                  | wounds create armour. (AC +6) [demonic ancestry]
  1890 | D:3      | Reached XP level 5. HP: 10/41 MP: 5/5
  2399 | D:3      | Found a shimmering blue altar of Sif Muna.
  2930 | D:4      | Identified the +1 robe "Fexaseukk" {-Tele Rampage rN+
                  | Stlth+}
  2950 | D:4      | Reached skill level 5 in Polearms
  3053 | D:4      | Identified the +3 hunting sling of Capital Punishment
                  | {freeze, Will+ Int+3}
  3107 | D:4      | Found a staircase to the Ecumenical Temple.
  3126 | Temple   | Entered the Ecumenical Temple
  3314 | D:4      | Found a basalt altar of Yredelemnul.
  3317 | D:4      | Noticed a profane servitor
  3338 | D:4      | Noticed an angel
  3470 | D:4      | Noticed a black bear
  3479 | D:4      | Killed a black bear
  3480 | D:4      | Gained mutation: You may rarely emit foul miasma when
                  | damaged in melee. [demonic ancestry]
  3480 | D:4      | Reached XP level 6. HP: 44/48 MP: 1/6
  3910 | D:5      | Entered Level 5 of the Dungeon
  4128 | D:5      | Reached skill level 6 in Polearms
  4399 | D:4      | Reached XP level 7. HP: 15/49 MP: 7/7
  5378 | D:5      | Reached skill level 5 in Fighting
  5646 | D:5      | Reached skill level 7 in Polearms
  6437 | D:5      | Noticed a troll
  6477 | D:5      | Slain by a troll

Illustrated notes

Levels and vault maps discovered:
D:1:      wander_arrival_fairy_ring, layout_basic, basic_ecumenical_altar,
          minmay_octomino_c4
D:2:      layout_loops_ring, serial_shops, shop, nicolae_shop_behind_doors,
          shop, nicolae_shop_crystal, shop, st_stairs_10,
          uniq_crazy_yiuf_cottage
D:3:      minmay_wonky_spiral, layout_rooms, lemuel_crystal_altar
D:4:      layout_loops_cross, grunt_temple_overflow_holy_war,
          minmay_temple_entry_crystal_x
D:5:      layout_gridville, minmay_small_thing
Temple:   nicolae_temple_figure_zero

Skill      XL: |  1  2  3  4  5  6  7 |
---------------+----------------------+-----
Polearms       | 3 4 5 6 7 |  7.4
Fighting       | 3 4 5 |  5.5
Throwing       | |  1.7
Dodging        | |  2.6

Action                   |  1- 3 |  4- 6 |  7- 9 || total
-------------------------+-------+-------+-------++-------
Melee: Trident           |   138 |     4 |       ||   142
       Headbutt          |    11 |    26 |    18 ||    55
       Quarterstaff      |       |   139 |     3 ||   142
       Battleaxe         |       |       |    51 ||    51
Throw: Throwing net      |     2 |     3 |     1 ||     6
       Dart              |       |     2 |     2 ||     4
Invok: Stomp             |       |     1 |     1 ||     2
       Line Pass         |       |     1 |       ||     1
  Use: Potion            |       |     1 |     2 ||     3
 Stab: Paralysed         |       |     2 |       ||     2
       Held in net/web   |       |     1 |       ||     1
Armor: Leather armour    |    14 |       |       ||    14
       Chain mail        |    27 |   107 |    46 ||   180
Dodge: Dodged            |    60 |    55 |    40 ||   155

Table legend: (Time is in decaauts)
 A = Elapsed time spent in this place.
 B = Non-inter-level travel time spent in this place.
 C = Inter-level travel time spent in this place.
 D = Time resting spent in this place.
 E = Time spent auto-exploring this place.
 F = Levels seen in this place.
 G = Mean time per level.
                   A        B        C        D        E       F      G
               +--------+--------+--------+--------+--------+-----+--------+
         Total |   6543 |   6408 |    135 |   1494 |   4023 |   6 | 1090.5 |
       Dungeon |   6425 |   6290 |    135 |   1494 |   3913 |   5 | 1285.0 |
        Temple |    117 |    117 |      0 |      0 |    110 |   1 |  117.0 |
               +--------+--------+--------+--------+--------+-----+--------+

Top non-repeatable levels by time:
     D:4: 2033 daAuts
     D:5: 1573 daAuts
     D:1: 1059 daAuts
     D:3: 959 daAuts
     D:2: 799 daAuts
  Temple: 117 daAuts
